 Dungeon Crawl Stone Soup version 0.31.0-32-g396128a36d (webtiles) character file.

Game seed: 3110792851622413622

56 spaghetti the Sneak (level 3, -1/49 HPs)
             Began as a Naga Brigand on Mar 22, 2024.
             Slain by Natasha (7 damage)
             ... on level 2 of the Dungeon.
             The game lasted 00:01:06 (1141 turns).

spaghetti the Sneak (Naga Brigand)                  Turns: 1141, Time: 00:01:07

Health: -1/49      AC:  3    Str: 13    XL:     3   Next: 95%
Magic:  3/3        EV:  9    Int: 13    God:
Gold:   94         SH:  0    Dex: 12    Spells: 2/2 levels left

rFire   . . .        a - +2 dagger
rCold   . . .        (no shield)
rNeg    . . .        b - +0 robe
rPois   +            (no helmet)
rElec   .            c - +0 cloak
rCorr   .            (no gloves)
SInv    +            (no barding)
Will    .....        (no amulet) Stlth
                     (no ring)
HPRegen 0.28/turn    (no ring)
MPRegen 0.08/turn

%: no passive effects
@: berserking, quick
A: AC +1, large, see invisible, deformed body, poison resistance, slowness 2,
spit poison 1, naga tail 1
a: Spit Poison


You were on level 2 of the Dungeon.
You visited 1 branch of the dungeon, and saw 2 of its levels.

You collected 94 gold pieces.

Inventory:

Hand Weapons
 a - a +2 dagger (weapon)
Missiles
 d - 9 poisoned darts (quivered)
 e - 3 curare-tipped darts
Armour
 b - a +0 robe (worn)
 c - a +0 cloak (worn)
Jewellery
 j - a ring of protection from cold
Scrolls
 f - a scroll of identify
Potions
 h - a potion of curing
 i - a potion of lignification
 k - a potion of cancellation {unknown}
 l - a potion of heal wounds


   Skills:
 + Level 2.9 Fighting
 - Level 2.0 Short Blades
 + Level 2.5 Throwing
 - Level 0.7 Dodging
 + Level 6.7 Stealth


You had 2 spell levels left.
You didn't know any spells.
Your spell library was empty.

Dungeon Overview and Level Annotations

Branches:
Dungeon (2/15)

Altars:

Annotations:
D:2 Natasha


Innate Abilities, Weirdness & Mutations

Your serpentine skin is tough. (AC +1)
You have supernaturally acute eyesight. (SInv)
Armour fits poorly on your strangely shaped body.
Your system is resistant to poisons. (rPois)
You cover ground very slowly.
You can spit poison.
You have a snake-like lower body.


Message History

The goblin hits you with a +1 dagger of venom.
You puncture the goblin!
You kill the goblin!
The cerulean imp hits you from afar with a +0 spear.
The goblin hits you with a +0 club.
* * * LOW HITPOINT WARNING * * *
The hobgoblin hits you but does no damage.
The cerulean imp hits you with a +0 spear.
* * * LOW HITPOINT WARNING * * *
You see here a +1 dagger of venom.
You puncture the hobgoblin!
You kill the hobgoblin!
The goblin closely misses you.
You hit the hobgoblin.
The hobgoblin is almost dead.
The cerulean imp hits you but does no damage.
The hobgoblin barely misses you. The goblin closely misses you.
You barely miss the hobgoblin.
The hobgoblin is almost dead.
The cerulean imp hits you with a +0 spear.
* * * LOW HITPOINT WARNING * * *
You barely miss the hobgoblin.
The hobgoblin is almost dead.
The hobgoblin hits you.
* * * LOW HITPOINT WARNING * * *
The goblin hits you with a +0 club.
* * * LOW HITPOINT WARNING * * *
You hit the hobgoblin.
You kill the hobgoblin!
The cerulean imp disappears in a puff of smoke!
You hit Natasha.
Natasha is heavily wounded.
The goblin completely misses you.
The cerulean imp hits you from afar with a +2 spear.
* * * LOW HITPOINT WARNING * * *
You barely miss Natasha.
Natasha is heavily wounded.
Natasha claws you!
You die...
Natasha curls up and begins to purr.

,,,,,,,,,,,,,,,,,,,,,,>,,,,,,,,,,
,,,,,,,*,*************,,,,*******
,,,,,,,*,*,,,,,** *,,,,*
.......,,,,***,,* **,,,.*
.......##,**,**,##* *,,,..*
#..<....,,*,,,*,,.##*,,...*
#....#..**##'*##*..#*,....*
#.^..#.#*$#.gg#g##.##..#***
#....#.#,$'..55h@'.....#
.....#.##$#..g#ยง##.###.#
##......####'*###..# *,*
...#.)....#,,,#...## *,*
#.##......##,##.### *,*
#..........###..# *,*
...............## *,*
########.....### *,* ######
#.###.## *,#


You could see Natasha, 2 cerulean imps, a hobgoblin and 3 goblins.

Vanquished Creatures
  Natasha (D:2)
  A ribbon worm (D:2)
  2 ball pythons (D:1)
  2 endoplasms (D:2)
  3 giant cockroaches
  6 goblins
  3 hobgoblins
  A quokka (D:1)
  2 frilled lizards (D:2)
  2 kobolds
  2 rats
25 creatures vanquished.

Notes
Turn   | Place    | Note
-------+----------+-------------------------------------------
     0 | D:1      | spaghetti the Naga Brigand began the quest for the Orb.
     0 | D:1      | Reached XP level 1. HP: 19/19 MP: 1/1
   165 | D:1      | Reached skill level 6 in Stealth
   219 | D:1      | Reached XP level 2. HP: 26/26 MP: 2/2
   852 | D:2      | Noticed Natasha
   858 | D:2      | Killed Natasha
   859 | D:2      | Reached XP level 3. HP: 33/33 MP: 3/3
  1121 | D:2      | Noticed Natasha
  1141 | D:2      | Slain by Natasha

Illustrated notes

Levels and vault maps discovered:
D:1:      dpeg_arrival_rhombi, layout_loops_ring
D:2:      cheibrodos_greedy_goblins, layout_basic, st_stairs_10, uniq_natasha

Skill      XL: |  1 |
---------------+----+-----
Stealth        | 6 |  6.7
Throwing       | 2 |  2.5
Fighting       | |  2.9
Short Blades   | |  2.0
Dodging        | |  0.7

Action                     || total
---------------------------++-------
  Melee: Dagger            ||    55
    Use: Scroll            ||     6
         Potion            ||     2
   Stab: Sleeping          ||    10
 Armour: Robe              ||    36
  Dodge: Dodged            ||    22
